 Dungeon Crawl Stone Soup version 0.28.0-53-g5a82cb258f (webtiles) character file.

Game seed: 16207310609913227570

254 Sin92 the Skirmisher (level 5, -2/42 HPs)
             Began as a Demonspawn Fighter on June 2, 2022.
             Killed from afar by Dowan (13 damage)
             ... with a stone arrow
             ... on level 4 of the Dungeon.
             The game lasted 00:04:04 (3116 turns).

Sin92 the Skirmisher (Demonspawn Fighter)           Turns: 3116, Time: 00:04:05

Health: -2/42      AC: 10    Str: 18    XL:     5   Next: 91%
Magic:  5/5        EV:  9    Int: 10    God:
Gold:   153        SH:  8    Dex: 12    Spells: 4/4 levels left

rFire   . . .      SeeInvis .   a - +1 war axe
rCold   . . .      Faith    .   c - +0 buckler
rNeg    . . .      Spirit   .   b - +0 scale mail
rPois   .          Reflect  .   (no helmet)
rElec   .          Harm     .   (no cloak)
rCorr   .          Rampage  .   p - +2 pair of gloves
Will    .....                   (no boots)
Stlth   ..........              (no amulet)
HPRegen 0.14/turn               (no ring)
MPRegen 0.09/turn               (no ring)

@: no status effects
A: powered by death 1, condensation shield
a: no special abilities


You were on level 4 of the Dungeon.
You visited 1 branch of the dungeon, and saw 4 of its levels.

You collected 153 gold pieces.

Inventory:

Hand Weapons
 a - a +1 war axe (weapon)
Armour
 b - a +0 scale mail (worn)
 c - a +0 buckler (worn)
 k - a +0 pair of gloves
 m - the +1 leather armour of Ru's Favour {Str+4}
   (You found it on level 3 of the Dungeon)

   Str:       It affects your strength (+4).
 p - a +2 pair of gloves (worn)
Scrolls
 f - 3 scrolls of vulnerability
 g - 3 scrolls of identify
 h - a scroll of amnesia {unknown}
 j - a scroll of blinking
 l - a scroll of enchant weapon
Potions
 d - a potion of might
 e - 2 potions of heal wounds
 i - 2 potions of haste {unknown}


   Skills:
 + Level 3.9 Fighting
 + Level 2.9 Axes
 + Level 3.6 Armour
 + Level 2.0 Dodging
 + Level 3.6 Shields


You had 4 spell levels left.
You didn't know any spells.
Your spell library contained the following spells:

 Spells                   Type           Power      Damage    Failure   Level
 Beastly Appendage        Tmut           0%         N/A       83%         1
 Corpse Rot               Necr/Air       0%         N/A       93%         2
 Poisonous Vapours        Pois/Air       0%         N/A       93%         2
 Wereblood                Tmut           0%         N/A       93%         2
 Spider Form              Tmut/Pois      0%         N/A       99%         3


Dungeon Overview and Level Annotations

Branches:
Dungeon (4/15)
 Temple: D:4-7

Altars:

Annotations:
D:4 3 runed translucent doors, Dowan; Zeld's ghost, amateur GrEE


Innate Abilities, Weirdness & Mutations

You regenerate a little health from kills.
A meltable shield of frost defends you. (SH +4)


Message History

Dowan is heavily wounded.
Dowan hits you but does no damage. Dowan hits you with a +0 dagger.
* * * LOW HITPOINT WARNING * * *
Dowan hits you but does no damage.
You closely miss Dowan.
Dowan is heavily wounded.
Dowan breathes, "And she was my only..."
You block Dowan's attack.
Dowan casts a spell.
Dowan blinks!
The kobold throws a stone.
The stone hits you but does no damage.
Dowan says, "Magic will overcome all!"
Dowan hits you but does no damage. x2
There is an open door here.
You hit Dowan.
Dowan is severely wounded.
You block Dowan's attack. Dowan closely misses you.
You miss Dowan.
Dowan is severely wounded.
You hit the kobold.
You kill the kobold!
Dowan casts a spell at you. The shard of ice misses you.
Dowan mumbles some strange words.
Dowan blinks!
You block Dowan's attack.
You closely miss Dowan.
Dowan is severely wounded.
Dowan hits you with a +0 dagger. Dowan closely misses you.
You barely miss Dowan.
Dowan is severely wounded.
Dowan hits you with a +0 dagger. You block Dowan's attack.
Dowan hits you but does no damage.
You barely miss Dowan.
Dowan is severely wounded.
Dowan hits you with a +0 dagger.
* * * LOW HITPOINT WARNING * * *
Dowan points at you and mumbles some strange words.
The stone arrow hits you!
You die...

####'#....### #.#.......
# #########.#.##.### #. #
#.......#.#.##.# #..
#.##.......#.#.##.# ..
#..'..........[.#.#
###.#.####.......#.#..#.#
......).)'.........#..#.#
###.#.####@......###..#.#
# #.e.....###..#.#
#########....# #.##.#
#.#..# ### #.#.## #..
#.#. #.# #.#. #..
#.########


You could see Dowan (fast).

Vanquished Creatures
  Duvessa (D:4)
  An orc priest (D:3)
  4 adders
  2 dart slugs
  7 orcs
  5 ball pythons
  A bat (D:3)
  6 endoplasms
  4 giant cockroaches
  3 goblins
  7 hobgoblins
  5 jackals
  4 kobolds
  4 quokkas
  2 frilled lizards (D:1)
  3 rats
59 creatures vanquished.

Notes
Turn   | Place    | Note
-------+----------+-------------------------------------------
     0 | D:1      | Sin92 the Demonspawn Fighter began the quest for the Orb.
     0 | D:1      | Reached XP level 1. HP: 18/18 MP: 1/1
   297 | D:1      | Gained mutation: A meltable shield of frost defends you.
                  | (SH +4) [demonic ancestry]
   297 | D:1      | Reached XP level 2. HP: 24/24 MP: 2/2
   307 | D:1      | Found a faded altar of an unknown god.
   965 | D:2      | Gained mutation: You regenerate a little health from kills.
                  | [demonic ancestry]
   965 | D:2      | Reached XP level 3. HP: 27/29 MP: 3/3
  1081 | D:2      | Reached skill level 1 in Dodging
  1905 | D:3      | Reached XP level 4. HP: 35/35 MP: 4/4
  2599 | D:3      | Identified the +1 leather armour of Ru's Favour {Str+4}
  2623 | D:4      | Noticed Duvessa
  2623 | D:4      | Noticed Dowan
  2702 | D:4      | Reached XP level 5. HP: 34/41 MP: 5/5
  2844 | D:4      | Found a runed translucent gate.
  2844 | D:4      | Found a runed translucent gate.
  2844 | D:4      | Found a runed translucent gate.
  2845 | D:4      | Noticed Zeld's ghost (amateur GrEE)
  3104 | D:4      | Killed Duvessa
  3116 | D:4      | Killed from afar by Dowan

Illustrated notes

Levels and vault maps discovered:
D:1:      noname_arrival_rooms_in_the_neighbourhood, layout_basic,
          ebering_ecumenical_altar_sacrificial
D:2:      layout_basic
D:3:      layout_basic
D:4:      minmay_evil_eye, layout_basic, ebering_ghost_rock_garden,
          chequers_serial_rivers_micro_a, hex_tiny, uniq_duvessa, uniq_eustachio

Skill      XL: |  1  2  3  4  5 |
---------------+----------------+-----
Axes           | 2 |  2.9
Armour         | 3 |  3.6
Shields        | 3 |  3.6
Dodging        | 1 2 |  2.0
Fighting       | |  3.9

Action                   |  1- 3 |  4- 6 || total
-------------------------+-------+-------++-------
Melee: War axe           |   114 |    74 ||   188
  Use: Scroll            |     6 |       ||     6
       Potion            |     3 |     1 ||     4
Armor: Scale mail        |    52 |    33 ||    85
Dodge: Dodged            |    50 |    23 ||    73
Block: Buckler           |    45 |    32 ||    77
